 Dungeon Crawl Stone Soup version 0.22.1-6-g1668fe2 (webtiles) character file.

284 Kairos the Chopper (level 6, -1/32 HPs)
             Began as a Vine Stalker Fighter on Jan 16, 2019.
             Slain by an ogre
             ... wielding a +0 giant spiked club
              (18 damage)
             ... on level 4 of the Dungeon.
             The game lasted 00:03:18 (2431 turns).

Kairos the Chopper (Vine Stalker Fighter)           Turns: 2431, Time: 00:03:19

Health: -1/32      AC: 10    Str: 20    XL:     6   Next: 29%
Magic:  0/7        EV:  7    Int:  8    God:
Gold:   153        SH:  9    Dex: 14    Spells: 5/5 levels left

rFire    . . .     SeeInvis .   a - +0 war axe
rCold    . . .     Gourm    .   c - +0 shield
rNeg     . . .     Faith    .   b - +0 scale mail
rPois    .         Spirit   +   n - +1 helmet
rElec    .         Reflect  .   k - +0 cloak
rCorr    .         Harm     .   (no gloves)
MR       .....                  (no boots)
Stlth    +.........             (no amulet)
HPRegen  0.50/turn              s - ring of stealth
MPRegen  0.10/turn              (no ring)

@: no status effects
A: fangs 2, regeneration 1, magic shield, antimagic bite, no potion heal 3, rot
immunity
a: no special abilities


You were on level 4 of the Dungeon.
You were not hungry.

You visited 1 branch of the dungeon, and saw 4 of its levels.

You collected 153 gold pieces.

Inventory:

Hand Weapons
 a - a +0 war axe (weapon)
 r - a cursed -2 hand axe
Armour
 b - a +0 scale mail (worn)
 c - a +0 shield (worn)
 k - a +0 cloak (worn)
 n - a +1 helmet (worn)
Jewellery
 s - a ring of stealth (left hand)
Wands
 o - a wand of digging (9)
Scrolls
 g - 3 scrolls of identify {unknown}
 h - 3 scrolls of remove curse {unknown}
 i - 3 scrolls of teleportation {unknown}
 l - a scroll of fear {unknown}
 m - 2 scrolls of amnesia {unknown}
 p - a scroll of immolation {unknown}
 q - a scroll of noise {unknown}
Potions
 d - 3 potions of might
 e - a potion of curing {unknown}
 j - 2 potions of agility {unknown}
 t - a potion of heal wounds {unknown}
Comestibles
 f - 6 rations


   Skills:
 + Level 3.6 Fighting
 + Level 4.1 Axes
 + Level 3.1 Armour
 + Level 0.8 Dodging
 + Level 0.6 Stealth
 + Level 3.3 Shields


You had 5 spell levels left.
You didn't know any spells.
Your spell library was empty.

Dungeon Overview and Level Annotations

Branches:
Dungeon (4/15)
 Temple: D:4-7

Altars:
Cheibriados
Makhleb


Innate Abilities, Weirdness & Mutations

You have extremely sharp teeth.
Your natural rate of healing is unusually fast.
When hurt, damage is shared between your health and your magic reserves.
Your bite disrupts and absorbs the magic of your enemies.
Potions cannot restore your health.
You are immune to rotting.


Message History

Found a stone staircase leading down.
Found 28 sling bullets.
Found a pair of boots.
No target in view!
No target in view!
No target in view!
Found a stone staircase leading down.
You now have 153 gold pieces (gained 20).
You open the large door.
There is a large open door here.
There is a large open door here.
An ogre comes into view. It is wielding a giant spiked club.
An ogre is nearby!
The ogre shouts!
The ogre hits you with a giant spiked club!!
You hit the ogre. You bite the ogre. You drain its power.
You feel invigorated.
The ogre is moderately wounded.
The ogre hits you with a giant spiked club!!
Ouch! That really hurt!
You die...

...........(...
.....#.........
#####...........
........''##....
#+#.#####....####....
........#...#####....
####.#.......+....
+......#######....
#@.#........#.....
......O..##.............
.....###.#..............
.... #.#.......... ...
#+#....##.#.. .. ..#...
.# . # ...###.. #


You could see an ogre.

Vanquished Creatures
  A bullfrog zombie (D:3)
  A centaur skeleton (D:2)
  A hound (D:3)
  An orc priest (D:3)
  A worker ant (D:2)
  5 adders
  2 worms
  A dart slug (D:3)
  3 leopard geckos
  10 orcs (D:3)
  3 giant cockroaches
  3 goblins
  8 hobgoblins
  2 jackals (D:3)
  3 quokkas (D:2)
  A ball python (D:3)
  9 bats
  9 frilled lizards
  13 kobolds
  7 rats
84 creatures vanquished.

Notes
Turn   | Place    | Note
-------+----------+-------------------------------------------
     0 | D:1      | Kairos the Vine Stalker Fighter began the quest for the
                  | Orb.
     0 | D:1      | Reached XP level 1. HP: 11/11 MP: 2/2
   179 | D:1      | Reached XP level 2. HP: 15/16 MP: 3/3
   363 | D:1      | Reached XP level 3. HP: 16/20 MP: 4/4
   766 | D:2      | Reached skill level 2 in Axes
  1009 | D:2      | Gained mutation: Your natural rate of healing is unusually
                  | fast. [Vine Stalker growth]
  1009 | D:2      | Reached XP level 4. HP: 5/24 MP: 5/5
  1279 | D:2      | Reached skill level 3 in Axes
  1279 | D:2      | Reached XP level 5. HP: 7/28 MP: 2/6
  1848 | D:3      | Found a snail-covered altar of Cheibriados.
  2013 | D:3      | Reached XP level 6. HP: 29/32 MP: 7/7
  2029 | D:3      | Reached skill level 4 in Axes
  2231 | D:3      | Found a burning altar of Makhleb.
  2431 | D:4      | Slain by an ogre

Skill      XL: |  1  2  3  4  5  6 |
---------------+-------------------+-----
Fighting       | 3 |  3.6
Axes           | 2 3 4 |  4.1
Shields        | 3 |  3.3
Armour         | 3 |  3.1
Dodging        | |  0.8
Stealth        | |  0.6

Action                   |  1- 3 |  4- 6 || total
-------------------------+-------+-------++-------
Melee: War axe           |    91 |   119 ||   210
       Bite              |    17 |    27 ||    44
  Use: Scroll            |     1 |       ||     1
  Eat: Chunk             |       |     5 ||     5
Armor: Scale mail        |    44 |    51 ||    95
Dodge: Dodged            |    40 |    35 ||    75
Block: Shield            |    46 |    68 ||   114
